AAA EAST
DURHAM BULLS @ TRI-CITY VALLEYCATS
09/02/2041
 
TOP OF THE 1ST
Durham Bulls batting - Pitching for Tri-City ValleyCats : RHP Luis Valéncia
Pitching: RHP Luis Valéncia
Batting: LHB Dan Lynch 0-0: Ball
1-0: Called Strike
1-1: DOUBLE (Flyball, 78XD, EV 111.3 MPH)
Batting: LHB Dave Cole 0-0: Called Strike
0-1: Swinging Strike
0-2: Ball
1-2: Foul Ball, location: 2F
1-2: SINGLE (Groundball, 6MD, EV 106.3 MPH)
Dan Lynch to third
Runner from 3rd tries for Home, SAFE, throw by CF to home
Batting: LHB Juan Salas 0-0: Ball
1-0: Fielders Choice at 2nd, 6-4 (Groundball, 6, EV 88.1 MPH)
Batting: LHB Don Bailey 0-0: Ball
1-0: Ball
2-0: Grounds into double play, 6-4-3 (Groundball, 6, EV 88.8 MPH)
Top of the 1st over - 1 run, 2 hits, 0 errors, 0 left on base; Durham 1 - Tri-City 0
BOTTOM OF THE 1ST
Tri-City ValleyCats batting - Pitching for Durham Bulls : LHP Ben Grundy
Pitching: LHP Ben Grundy
Batting: RHB Frank Parry 0-0: Ball
1-0: Ground out 4-3 (Groundball, 4, EV 84.4 MPH)
Batting: RHB Ed Vázquez 0-0: Ball
1-0: Called Strike
1-1: Called Strike
1-2: Ball
2-2: Ground out 5-3 (Groundball, 56, EV 104.4 MPH)
Batting: LHB José Núñez 0-0: Called Strike
0-1: Ball
1-1: Foul Ball, location: 7LMF
1-2: Ball
2-2: DOUBLE (Flyball, 78XD, EV 96.9 MPH)
Batting: RHB Miguel Berger 0-0: Called Strike
0-1: Called Strike
0-2: Foul Ball, location: 5F
0-2: Ball
1-2: Foul Ball, location: 25FF
1-2: Foul Ball, location: 3FF
1-2: Strikes out swinging
Bottom of the 1st over - 0 runs, 1 hit, 0 errors, 1 left on base; Durham 1 - Tri-City 0
TOP OF THE 2ND
Durham Bulls batting - Pitching for Tri-City ValleyCats : RHP Luis Valéncia
Batting: RHB Lou González 0-0: Called Strike
0-1: Ball
1-1: Ball
2-1: Ball
3-1: Base on Balls
Batting: LHB Dan Hardy 0-0: Foul Ball, location: 2F
0-1: Fielders Choice at 2nd, 1-6 (Groundball, 13S, EV 73.1 MPH)
Batting: RHB Chris Adams 0-0: Called Strike
0-1: Called Strike
0-2: Ball
1-2: Grounds into double play, 6-4-3 (Groundball, 6, EV 80.6 MPH)
Top of the 2nd over - 0 runs, 0 hits, 0 errors, 0 left on base; Durham 1 - Tri-City 0
BOTTOM OF THE 2ND
Tri-City ValleyCats batting - Pitching for Durham Bulls : LHP Ben Grundy
Batting: RHB António Castillo 0-0: Ground out 5-3 (Groundball, 56, EV 85.0 MPH)
Batting: RHB Jim Unknown 0-0: Foul Ball, location: 3F
0-1: Ground out 6-3 (Groundball, 6, EV 103.1 MPH)
Batting: RHB Bo Wilson 0-0: Foul Ball, location: 5F
0-1: Ball
1-1: Ground out 5-3 (Groundball, 56, EV 110.0 MPH)
Bottom of the 2nd over - 0 runs, 0 hits, 0 errors, 0 left on base; Durham 1 - Tri-City 0
TOP OF THE 3RD
Durham Bulls batting - Pitching for Tri-City ValleyCats : RHP Luis Valéncia
Batting: RHB Rob Cooper 0-0: Ball
1-0: Called Strike
1-1: Ball
2-1: Fly out, F8 (Flyball, 8LD, EV 101.9 MPH)
Batting: RHB Tony Rincón 0-0: Ball
1-0: Ball
2-0: Ball
3-0: Base on Balls
Batting: LHB Dan Lynch 0-0: Called Strike
0-1: Foul Ball, location: 2F
0-2: Ball
1-2: Ball
2-2: Strikes out swinging
Batting: LHB Dave Cole 0-0: Called Strike
0-1: TRIPLE (Flyball, 78XD, EV 104.4 MPH)
Tony Rincón scores
Batting: LHB Juan Salas 0-0: Called Strike
0-1: Ball
1-1: DOUBLE (Groundball, 5L, EV 97.5 MPH)
Dave Cole scores
Batting: LHB Don Bailey 0-0: Ball
1-0: Fly out, F9 (Flyball, 89D, EV 95.6 MPH)
Top of the 3rd over - 2 runs, 2 hits, 0 errors, 1 left on base; Durham 3 - Tri-City 0
BOTTOM OF THE 3RD
Tri-City ValleyCats batting - Pitching for Durham Bulls : LHP Ben Grundy
Batting: RHB Jim Unknown 0-0: Ball
1-0: Swinging Strike
1-1: Ball
2-1: Called Strike
2-2: Ground out 4-3 (Groundball, 4, EV 86.3 MPH)
Batting: RHB Jim Unknown 0-0: Called Strike
0-1: Called Strike
0-2: Fly out, F8 (Flyball, 8RD, EV 106.9 MPH)
Batting: RHB Frank Parry 0-0: Foul Ball, location: 2F
0-1: Ball
1-1: Called Strike
1-2: Strikes out swinging
Bottom of the 3rd over - 0 runs, 0 hits, 0 errors, 0 left on base; Durham 3 - Tri-City 0
TOP OF THE 4TH
Durham Bulls batting - Pitching for Tri-City ValleyCats : RHP Luis Valéncia
Batting: RHB Lou González 0-0: Called Strike
0-1: Called Strike
0-2: Ground out 4-3 (Groundball, 4, EV 108.8 MPH)
Batting: LHB Dan Hardy 0-0: Ground out 3-1 (Groundball, 34, EV 78.8 MPH)
Batting: RHB Chris Adams 0-0: Ball
1-0: Called Strike
1-1: Ball
2-1: Foul Ball, location: 23F
2-2: Ball
3-2: Strikes out swinging
Top of the 4th over - 0 runs, 0 hits, 0 errors, 0 left on base; Durham 3 - Tri-City 0
BOTTOM OF THE 4TH
Tri-City ValleyCats batting - Pitching for Durham Bulls : LHP Ben Grundy
Batting: RHB Ed Vázquez 0-0: Called Strike
0-1: Called Strike
0-2: DOUBLE (Line Drive, 7LS, EV 87.5 MPH)
Batting: LHB José Núñez 0-0: Called Strike
0-1: Ball
1-1: Ball
2-1: SINGLE (Line Drive, 3L, EV 98.8 MPH)
Ed Vázquez to third
Batting: RHB Miguel Berger 0-0: Called Strike
0-1: Ball
1-1: DOUBLE (Line Drive, 89M, EV 91.3 MPH)
Ed Vázquez scores
José Núñez to third
Batting: RHB António Castillo 0-0: Swinging Strike
0-1: Ball
1-1: Foul Ball, location: 2F
1-2: Ball
2-2: Foul Ball, location: 3DF
2-2: Ball
Wild Pitch!
José Núñez scores
Miguel Berger to third
3-2: 2-RUN HOME RUN (Flyball, 78XD, EV 103.1 MPH), Distance : 415 ft
Batting: RHB Jim Unknown 0-0: Called Strike
0-1: Foul Ball, location: 3SF
0-2: Ball
1-2: Foul Ball, location: 2F
1-2: DOUBLE (Line Drive, 8RXD, EV 109.4 MPH)
Batting: RHB Bo Wilson 0-0: Called Strike
0-1: Ball
1-1: Foul Ball, location: 9LMF
1-2: Strikes out swinging
Batting: RHB Jim Unknown 0-0: Ball
1-0: Ball
2-0: Called Strike
2-1: Foul Ball, location: 25F
2-2: Ball
3-2: Strikes out looking
Batting: RHB Jim Unknown 0-0: Ball
1-0: Ball
2-0: Ball
3-0: Called Strike
3-1: Foul Ball, location: 9LMF
3-2: Strikes out swinging
Bottom of the 4th over - 4 runs, 5 hits, 0 errors, 1 left on base; Durham 3 - Tri-City 4
TOP OF THE 5TH
Durham Bulls batting - Pitching for Tri-City ValleyCats : RHP Luis Valéncia
Batting: RHB Rob Cooper 0-0: Ball
1-0: Foul Ball, location: 2F
1-1: Called Strike
1-2: Ball
2-2: Foul Ball, location: 5F
2-2: Ball
3-2: Base on Balls
Batting: RHB Tony Rincón 0-0: Sac Bunt to P - play at first, batter OUT! 1-3
Rob Cooper to second
Batting: LHB Dan Lynch 0-0: Ball
1-0: Fly out, F9 (Flyball, 9, EV 92.5 MPH)
Batting: LHB Dave Cole 0-0: Called Strike
0-1: Swinging Strike
0-2: Ball
1-2: Ball
2-2: Fly out, F7 (Flyball, 7D, EV 92.5 MPH)
Top of the 5th over - 0 runs, 0 hits, 0 errors, 1 left on base; Durham 3 - Tri-City 4
BOTTOM OF THE 5TH
Tri-City ValleyCats batting - Pitching for Durham Bulls : LHP Ben Grundy
Batting: RHB Frank Parry 0-0: Ball
1-0: Ball
2-0: Called Strike
2-1: Swinging Strike
2-2: SINGLE (Line Drive, 78S, EV 105.0 MPH)
Batting: RHB Ed Vázquez 0-0: Called Strike
0-1: Sac Bunt to 2R - play at first, batter OUT! 2-3
Frank Parry to second
Batting: LHB José Núñez 0-0: Called Strike
0-1: Called Strike
0-2: Strikes out looking
Batting: RHB Miguel Berger 0-0: Foul Ball, location: 9LDF
0-1: Ball
1-1: 2-RUN HOME RUN (Flyball, 78XD, EV 100.0 MPH), Distance : 393 ft
Pitching: RHP Jeff Zimmerman
Batting: RHB António Castillo 0-0: Swinging Strike
0-1: Swinging Strike
0-2: Ball
1-2: SINGLE (Groundball, 6MD, EV 95.0 MPH)
Batting: RHB Jim Unknown 0-0: Ball
1-0: Ball
2-0: Called Strike
2-1: Swinging Strike
2-2: Ball
3-2: Fly out, F4 (Line Drive, 4, EV 67.5 MPH)
Bottom of the 5th over - 2 runs, 3 hits, 0 errors, 1 left on base; Durham 3 - Tri-City 6
TOP OF THE 6TH
Durham Bulls batting - Pitching for Tri-City ValleyCats : RHP Luis Valéncia
Batting: LHB Juan Salas 0-0: Ball
1-0: Called Strike
1-1: Called Strike
1-2: Strikes out swinging
Batting: LHB Don Bailey 0-0: Swinging Strike
0-1: Called Strike
0-2: Foul Ball, location: 25F
0-2: Foul Ball, location: 23F
0-2: Ball
1-2: DOUBLE (Flyball, 78XD, EV 105.0 MPH)
Batting: RHB Lou González 0-0: Ball
1-0: Ball
2-0: Ground out 6-3 (Groundball, 6, EV 85.0 MPH)
Batting: LHB Dan Hardy 0-0: Ball
1-0: Fly out, F9 (Flyball, 89M, EV 91.9 MPH)
Top of the 6th over - 0 runs, 1 hit, 0 errors, 1 left on base; Durham 3 - Tri-City 6
BOTTOM OF THE 6TH
Tri-City ValleyCats batting - Pitching for Durham Bulls : RHP Jeff Zimmerman
Batting: RHB Bo Wilson 0-0: Ball
1-0: SINGLE (Groundball, 56D, EV 101.3 MPH)
Batting: RHB Jim Unknown 0-0: Swinging Strike
0-1: Bunt missed!
0-2: Ball
1-2: Strikes out swinging
Batting: LHB Isaac Miller 0-0: Ball
1-0: Ball
2-0: Called Strike
2-1: Foul Ball, location: 2F
2-2: Foul Ball, location: 7LDF
2-2: Foul Ball, location: 2F
2-2: Ball
3-2: Foul Ball, location: 2F
3-2: Foul Ball, location: 25F
3-2: TRIPLE (Line Drive, 89XD, EV 109.4 MPH)
Bo Wilson scores
Batting: RHB Frank Parry 0-0: Ground out 6-3 (Groundball, 6, EV 86.9 MPH)
Isaac Miller scores
Batting: RHB Ed Vázquez 0-0: Ground out 5-3 (Groundball, 56, EV 86.9 MPH)
Bottom of the 6th over - 2 runs, 2 hits, 0 errors, 0 left on base; Durham 3 - Tri-City 8
TOP OF THE 7TH
Durham Bulls batting - Pitching for Tri-City ValleyCats : RHP Luis Valéncia
Pitching: RHP Bob Cooper
Batting: RHB Chris Adams 0-0: Ball
1-0: Ball
2-0: Ball
3-0: Called Strike
3-1: Base on Balls
Batting: RHB Rob Cooper 0-0: Ball
1-0: Ball
2-0: Foul Ball, location: 2F
2-1: SINGLE (Groundball, 6D, EV 102.5 MPH)
Chris Adams to second
Batting: RHB Tony Rincón 0-0: Swinging Strike
0-1: Ball
1-1: Swinging Strike
1-2: Foul Ball, location: 2F
1-2: Strikes out swinging
Batting: LHB Dan Lynch 0-0: Ball
1-0: Ball
2-0: Ball
3-0: Called Strike
3-1: Base on Balls
Chris Adams to third
Rob Cooper to second
Batting: LHB Dave Cole 0-0: Ball
1-0: Ball
2-0: Ball
3-0: Base on Balls
Chris Adams scores
Rob Cooper to third
Dan Lynch to second
Batting: LHB Juan Salas 0-0: Ball
1-0: Ball
2-0: Ball
3-0: Called Strike
3-1: Base on Balls
Rob Cooper scores
Dan Lynch to third
Dave Cole to second
Batting: LHB Don Bailey 0-0: Ball
1-0: Ball
2-0: Ball
3-0: Called Strike
3-1: SINGLE (Groundball, 34D, EV 93.8 MPH)
Dan Lynch scores
Dave Cole to third
Juan Salas to second
Runner from 3rd tries for Home, SAFE, throw by RF to home
Pitching: RHP Ty Brooks
Batting: RHB Lou González 0-0: Called Strike
0-1: Swinging Strike
0-2: Foul Ball, location: 9LDF
0-2: SINGLE (Line Drive, 3D, EV 98.8 MPH)
Juan Salas to third
Don Bailey to second
Batting: LHB Dan Hardy 0-0: Called Strike
0-1: Ball
1-1: Swinging Strike
1-2: Ball
2-2: Grounds into fielders choice 4-2 (Groundball, 34, EV 100.0 MPH)
Don Bailey to third
Lou González to second
Pinch Hitting: LHB Jon Moore 0-0: Fly out, F9 (Line Drive, 89M, EV 92.5 MPH)
Top of the 7th over - 4 runs, 3 hits, 0 errors, 3 left on base; Durham 7 - Tri-City 8
BOTTOM OF THE 7TH
Tri-City ValleyCats batting - Pitching for Durham Bulls : RHP Jeff Zimmerman
Now at 3B: César Carrillo
Batting: LHB José Núñez 0-0: Called Strike
0-1: Called Strike
0-2: Ball
1-2: Ground out 6-3 (Groundball, 6, EV 97.5 MPH)
Batting: RHB Miguel Berger 0-0: Swinging Strike
0-1: Foul Ball, location: 2F
0-2: Foul Ball, location: 2F
0-2: Strikes out swinging
Batting: RHB António Castillo 0-0: Ball
1-0: Foul Ball, location: 25F
1-1: DOUBLE (Line Drive, 9LS, EV 88.8 MPH)
Batting: RHB Jim Unknown 0-0: Called Strike
0-1: Ball
1-1: Ball
2-1: Foul Ball, location: 9LMF
2-2: Strikes out swinging
Bottom of the 7th over - 0 runs, 1 hit, 0 errors, 1 left on base; Durham 7 - Tri-City 8
TOP OF THE 8TH
Durham Bulls batting - Pitching for Tri-City ValleyCats : RHP Ty Brooks
Batting: RHB Rob Cooper 0-0: Foul Ball, location: 2F
0-1: Called Strike
0-2: Ball
1-2: Foul Ball, location: 5SF
1-2: Strikes out swinging
Batting: RHB Tony Rincón 0-0: Ball
1-0: Ball
2-0: Ball
3-0: Base on Balls
Batting: LHB Dan Lynch 0-0: Ball
1-0: Called Strike
1-1: Foul Ball, location: 7LDF
1-2: Fly out, F9 (Flyball, 9LD, EV 88.8 MPH)
Batting: LHB Dave Cole 0-0: Ball
1-0: Fielders Choice at 2nd, U6 (Groundball, 6M, EV 90.6 MPH)
Top of the 8th over - 0 runs, 0 hits, 0 errors, 1 left on base; Durham 7 - Tri-City 8
BOTTOM OF THE 8TH
Tri-City ValleyCats batting - Pitching for Durham Bulls : RHP Jeff Zimmerman
Pitching: RHP Rudy Brown
Batting: RHB Bo Wilson 0-0: Foul Ball, location: 2F
0-1: Ball
1-1: Fly out, F8 (Flyball, 8LD, EV 110.0 MPH)
Batting: RHB Jim Unknown 0-0: Called Strike
0-1: Foul Ball, location: 2F
0-2: Fly out, F8 (Line Drive, 89D, EV 91.3 MPH)
Batting: LHB Isaac Miller 0-0: SINGLE (Groundball, 13S, EV 63.8 MPH) (infield hit)
Batting: RHB Frank Parry 0-0: Ball
Isaac Miller steals 2nd base
1-0: Called Strike
1-1: Ground out U3 (Groundball, 34, EV 102.5 MPH)
Bottom of the 8th over - 0 runs, 1 hit, 0 errors, 1 left on base; Durham 7 - Tri-City 8
TOP OF THE 9TH
Durham Bulls batting - Pitching for Tri-City ValleyCats : RHP Ty Brooks
Batting: LHB Juan Salas 0-0: Ball
1-0: Ball
2-0: Ball
3-0: Called Strike
3-1: Fly out, F7 (Flyball, 7, EV 93.1 MPH)
Batting: LHB Don Bailey 0-0: Ball
1-0: Fly out, F7 (Flyball, 7LM, EV 91.3 MPH)
Batting: RHB Lou González 0-0: Ground out 6-3 (Groundball, 6, EV 98.8 MPH)
Top of the 9th over - 0 runs, 0 hits, 0 errors, 0 left on base; Durham 7 - Tri-City 8
Monday, April 1st , 2024 - OOTP Baseball 24.10 Build 82